 Dungeon Crawl Stone Soup version 0.31-a0-233-g139696dc86 (webtiles) character file.

Game seed: 2979233805882691108

1653822 Olga the Slayer (level 26, 297/297 HPs)
             Began as an Ogre Conjurer on July 7, 2023.
             Was the Champion of Vehumet.
             Escaped with the Orb
             ... and 3 runes on July 8, 2023!
             The game lasted 03:24:25 (67420 turns).

Olga the Slayer (Ogre Conjurer)                    Turns: 67420, Time: 03:24:25

Health: 297/297    AC: 16    Str: 14    XL:     26   Next: 59%
Magic:  52/52      EV:  9    Int: 38    God:    Vehumet [******]
Gold:   5154       SH:  0    Dex:  7    Spells: 8/65 levels left

rFire   + . .        a - +7 spear of Fatigue {drain, rElec rF+ rC+}
rCold   + . .        r - orb {light}
rNeg    + . .        U - +3 troll leather armour
rPois   +            I - +3 hat of Pondering {ponderous, Will+ MP+10 Int+5}
rElec   +            E - +2 cloak {rCorr}
rCorr   +            (gloves unavailable)
SInv    .            (boots unavailable)
Will    +++..        t - amulet of magic regeneration
Stlth   +            J - ring of the Evil One {Wiz rPois rN+ Int+2}
HPRegen 1.49/turn    e - +6 ring of intelligence
MPRegen 0.73/turn

%: wizardry (x1)
@: glowing, slow
A: large, unfitting armour, tough skin 1, hooves 1, iridescent scales 1, dopey
1, low MP 1, screaming 1, weak 2, no potion heal 1, subdued magic 1, inability
to read after injury 1, devolution 2
0: Orb of Zot
}: 3/15 runes: decaying, silver, gossamer
a: Renounce Religion


You escaped.
You worshipped Vehumet.
Vehumet was exalted by your worship.
You visited 11 branches of the dungeon, and saw 51 of its levels.
You visited the Abyss 1 time.
You visited 1 bazaar.
You also visited: Gauntlet, Ice Cave and Wizlab.

You collected 7656 gold pieces.
You spent 2502 gold pieces at shops.

Inventory:

Hand Weapons
 a - the +7 spear of Fatigue (weapon) {drain, rElec rF+ rC+}
   (You found it on level 8 of the Dungeon)

   rF:        It protects you from fire.
   rC:        It protects you from cold.
   rElec:     It insulates you from electricity.
Missiles
 H - a throwing net
 N - 20 curare-tipped darts
Armour
 r - an orb of light (worn)
 E - a +2 cloak of preservation (worn)
 I - the +3 hat of Pondering (worn) {ponderous, Will+ MP+10 Int+5}
   (You took it off Gastronok on level 3 of the Lair of Beasts)

   Int:       It affects your intelligence (+5).
   MP:        It affects your magic capacity (+10).
   Will:      It increases your willpower.
 O - the +8 tower shield "Afrixti" {rF+ rN+ Stlth+}
   (You acquired it on level 2 of the Orcish Mines)

   rF:        It protects you from fire.
   rN:        It protects you from negative energy.
   Stlth:     It makes you more stealthy.
 U - a +3 troll leather armour (worn)
Jewellery
 e - a +6 ring of intelligence (right hand)
 j - an amulet of reflection
 t - an amulet of magic regeneration (around neck)
 u - a ring of flight
 J - the ring of the Evil One (left hand) {Wiz rPois rN+ Int+2}
   (You acquired it on level 4 of the Lair of Beasts)

   [ring of wizardry]

   It improves your spell success rate.
   Int:       It affects your intelligence (+2).
   rPois:     It protects you from poison.
   rN:        It protects you from negative energy.
 M - a ring of willpower
 S - the ring "Desmeulih" {rElec rN+ Stlth+}
   (You found it on level 3 of the Crypt)

   [ring of positive energy]

   rElec:     It insulates you from electricity.
   rN:        It protects you from negative energy.
   Stlth:     It makes you more stealthy.
 T - the ring of Laufuh {+Blink rElec rN+ EV+5 Int-2}
   (You found it on level 11 of the Dungeon)

   [ring of evasion]

   EV:        It affects your evasion (+5).
   Int:       It affects your intelligence (-2).
   rElec:     It insulates you from electricity.
   rN:        It protects you from negative energy.
   +Blink:    It lets you blink.
 V - a ring of protection from cold
 Z - a ring of see invisible
Wands
 k - a wand of iceblast (49)
 n - a wand of flame (137)
 s - a wand of paralysis (34)
 y - a wand of mindburst (37)
 C - a wand of polymorph (26)
 L - a wand of digging (8)
 W - a wand of acid (33)
Scrolls
 d - 15 scrolls of teleportation
 f - a scroll of fear
 g - 11 scrolls of poison
 i - 3 scrolls of fog
 o - 6 scrolls of amnesia
 v - 3 scrolls of revelation
 z - 8 scrolls of vulnerability
 D - 14 scrolls of immolation
 K - 5 scrolls of butterflies
 Q - 3 scrolls of torment
Potions
 c - 9 potions of curing
 h - 10 potions of lignification
 m - 10 potions of enlightenment
 q - 8 potions of might
 w - 12 potions of ambrosia
 x - 2 potions of haste
 A - 2 potions of cancellation
 B - a potion of magic
 G - 4 potions of invisibility
 P - 4 potions of brilliance
 Y - 3 potions of resistance
Miscellaneous
 b - a condenser vane
 l - a lightning rod (3/4)
 F - a sack of spiders
 X - a phial of floods


   Skills:
 + Level 23.5 Fighting
 - Level 1.7 Dodging
 - Level 1.4 Stealth
 + Level 16.8 Shields
 + Level 20.3 Spellcasting
 - Level 18.7 Conjurations
 - Level 8.0 Hexes
 - Level 8.0 Translocations
 - Level 8.3 Transmutations
 - Level 10.5 Fire Magic
 - Level 17.9 Air Magic
 - Level 6.4 Earth Magic
 - Level 7.2 Poison Magic
 + Level 10.4 Evocations


You had 8 spell levels left.
You knew the following spells:

 Your Spells              Type           Power      Damage    Failure   Level
b - Iskenderun's Mystic   Conj/Tloc      82%        2d16      0%          4
g - Ignition              Fire           37%        3d11      8%          8
v - Poisonous Vapours     Pois/Air       100%       N/A       0%          2
B - Plasma Beam           Fire/Air       42%        2x1d56    1%          6
C - Chain Lightning       Conj/Air       47%        3d63      4%          9
I - Ignite Poison         Fire/Tmut/Pois 69%        N/A       1%          3
L - Lehudib's Crystal Sp  Conj/Erth      40%        10d10     3%          8
O - Orb of Destruction    Conj           47%        9d12      1%          7
S - Statue Form           Tmut/Erth      42%        N/A       2%          6
T - Olgreb's Toxic Radia  Pois           64%        N/A       1%          4

Your spell library contained the following spells:

 Spells                   Type           Power      Damage    Failure   Level
 Maxwell's Capacitive Co  Air            47%        death     1%          8
 Apportation              Tloc           100%       N/A       0%          1
 Beastly Appendage        Tmut           100%       N/A       0%          1
 Foxfire                  Conj/Fire      100%       2x1d9     0%          1
 Magic Dart               Conj           100%       1d8       0%          1
 Shock                    Conj/Air       100%       1d9       0%          1
 Slow                     Hex            100%       N/A       0%          1
 Sting                    Tmut/Pois      100%       1d8       0%          1
 Searing Ray              Conj           100%       2d8       0%          2
 Static Discharge         Conj/Air       100%       2-7/arc   0%          2
 Wereblood                Tmut           67%        N/A       0%          2
 Dazzling Flash           Conj/Hex       100%       N/A       0%          3
 Mephitic Cloud           Conj/Pois/Air  86%        N/A       0%          3
 Stone Arrow              Conj/Erth      100%       3d13      0%          3
 Swiftness                Air            94%        N/A       0%          3
 Airstrike                Air            47%        2d(7-23)  0%          4
 Flame Wave               Conj/Fire      86%        2d18      0%          4
 Fulminant Prism          Conj/Hex       41%        3d19      0%          4
 Sticky Flame             Conj/Fire      86%        2d10      0%          4
 Iskenderun's Battlesphe  Conj           95%        2d14      0%          5
 Freeze                   Ice            100%       1d10      1%          1
 Necrotise                Necr           100%       1d9       1%          1
 Sandblast                Erth           100%       2d20      1%          1
 Summon Small Mammal      Summ           100%       N/A       1%          1
 Call Imp                 Summ           58%        N/A       1%          2
 Ensorcelled Hibernation  Hex/Ice        100%       N/A       1%          2
 Passwall                 Tmut/Erth      53%        N/A       1%          2
 Sublimation of Blood     Necr           29%        N/A       1%          2
 Call Canine Familiar     Summ           29%        N/A       1%          3
 Confusing Touch          Hex            67%        N/A       1%          3
 Frozen Ramparts          Ice            58%        1d9       1%          3
 Gell's Gravitas          Tloc           67%        N/A       1%          3
 Hailstorm                Conj/Ice       71%        3d15      1%          3
 Inner Flame              Hex/Fire       71%        N/A       1%          3
 Ozocubu's Armour         Ice            29%        N/A       1%          3
 Portal Projectile        Hex/Tloc       100%       N/A       1%          3
 Spider Form              Tmut/Pois      66%        N/A       1%          3
 Summon Guardian Golem    Hex/Summ       52%        N/A       1%          3
 Teleport Other           Tloc           67%        N/A       1%          3
 Tukima's Dance           Hex            67%        N/A       1%          3
 Vampiric Draining        Necr           29%        2d8       1%          3
 Volatile Blastmotes      Fire/Tloc      100%       2d18      1%          3
 Anguish                  Hex/Necr       26%        N/A       1%          4
 Animate Armour           Summ/Erth      96%        N/A       1%          4
 Ice Form                 Ice/Tmut       52%        N/A       1%          4
 Leda's Liquefaction      Hex/Erth       32%        N/A       1%          4
 Passage of Golubria      Tloc           67%        N/A       1%          4
 Petrify                  Tmut/Erth      64%        N/A       1%          4
 Summon Lightning Spire   Summ/Air       70%        N/A       1%          4
 Alistair's Intoxication  Tmut/Pois      44%        N/A       1%          5
 Blade Hands              Tmut           33%        N/A       1%          5
 Fireball                 Conj/Fire      43%        3d17      1%          5
 Freezing Cloud           Conj/Ice/Air   39%        6-21      1%          5
 Irradiate                Conj/Tmut      41%        3d25      1%          5
 Lee's Rapid Deconstruct  Erth           30%        3d16*     1%          5
 Metabolic Englaciation   Hex/Ice        26%        N/A       1%          5
 Silence                  Hex/Air        40%        N/A       1%          5
 Summon Forest            Summ/Tloc      26%        N/A       1%          5
 Summon Mana Viper        Hex/Summ       52%        N/A       1%          5
 Yara's Violent Unravell  Hex/Tmut       33%        3d14      1%          5
 Conjure Ball Lightning   Conj/Air       47%        3x3d16    1%          6
 Dispersal                Tloc           33%        N/A       1%          6
 Eringya's Noxious Bog    Tmut/Pois      33%        4d6       1%          6
 Leda's Unmaking          Conj/Erth      40%        9d7       1%          6
 Starburst                Conj/Fire      43%        6d12      1%          6
 Spellforged Servitor     Conj/Summ      35%        N/A       1%          7
 Animate Dead             Necr           29%        N/A       2%          4
 Summon Ice Beast         Ice/Summ       29%        N/A       2%          4
 Borgnjor's Vile Clutch   Necr/Erth      24%        N/A       2%          5
 Agony                    Necr           29%        N/A       9%          5
 Dragon Form              Tmut           33%        N/A       9%          7
 Enfeeble                 Hex            33%        N/A       10%         7
 Simulacrum               Ice/Necr       14%        N/A       43%         6
 Haunt                    Necr/Summ      14%        N/A       94%         7
 Monstrous Menagerie      Summ           14%        N/A       94%         7
 Necromutation            Tmut/Necr      26%        N/A       98%         8
 Infestation              Necr           14%        N/A       100%        8
 Death's Door             Necr           14%        N/A       100%        9


Dungeon Overview and Level Annotations

Branches:
Dungeon (15/15)            Temple (1/1) D:7            Lair (5/5) D:8
  Swamp (4/4) Lair:2       Spider (4/4) Lair:3        Slime (0/5) Lair:4
    Orc (2/2) D:12            Elf (3/3) Orc:2        Vaults (5/5) D:13
  Crypt (3/3) Vaults:3       Tomb (0/3) Crypt:3      Depths (4/4) D:15
    Zot (5/5) Depths:4      IceCv (visited)          WizLab (visited)
Gauntlet (visited)

Altars:
Ashenzari
Cheibriados
Dithmenos
Elyvilon
Fedhas
Gozag
Hepliaklqana
Kikubaaqudgha
Makhleb
Nemelex Xobeh
Okawaru
Qazlal
Ru
Sif Muna
Trog
Uskayaw
Vehumet
Wu Jian
Xom
Yredelemnul
Zin
The Shining One

Shops:
D:2 =   D:6 :   D:10 :   D:11 [   D:15 (   Orc:2 [[(*   Elf:3 *   Vaults:1 *
Vaults:4 (   Vaults:5 [   Depths:2 (   Depths:3 ::=   Depths:4 [

Portals:
Hell: Depths:1 Depths:2 Depths:3 Depths:4
Abyss: Depths:3
Pandemonium: Depths:2
Ziggurat: Depths:3

Annotations:
D:14 2 transporters, Kous's ghost, journeyman DsMo
Lair:1 2 runed translucent doors, exclusion: 2 doors, Morbidden's ghost, journeyman MeFi
Lair:4 1 runed translucent door
Lair:5 3 runed translucent doors, exclusions: 3 doors and oklob plant, Tinttamiau's ghost, journeyman KoHs
Orc:1 3 runed translucent doors, exclusion: 3 doors, Fifoluuw's ghost, journeyman TrTm; Jedgh's ghost, journeyman TeHu; Yfeff's ghost, journeyman GrFE
Elf:2 3 runed translucent doors, exclusion: 3 doors
Vaults:1 1 runed translucent door, exclusion: door, Essalna's ghost, adept TeAE
Vaults:3 36 runed doors, exclusion: 17 doors
Vaults:4 1 runed translucent door, exclusion: door, Peona's ghost, veteran MiGl


Innate Abilities, Weirdness & Mutations

You are too large for most types of armour.
You have tough skin. (AC +1)
You have large cloven feet.
You are partially covered in iridescent scales. (AC +2)
You are dopey. (Int -2)
Your magical capacity is low. (-10% MP)
You occasionally shout uncontrollably at your foes.
You are very weak. (Str -4)
Potions are less effective at restoring your health.
Your spells are a little easier to cast, but a little less powerful.
You occasionally lose the ability to read scrolls when taking damage.
You have terrible hidden genetic defects.


Message History

The orb of destruction hits the Hell Sentinel!!!
The Hell Sentinel is severely wounded.
Lightning arcs from your fists!
The bolt of lightning hits the Hell Sentinel!!
The Hell Sentinel resists.
The Hell Sentinel is almost dead.
The bolt of lightning hits you. You resist.
Unknown command.
Unknown command.
You hit the Hell Sentinel.
You kick the Hell Sentinel, but do no damage.
The Hell Sentinel is almost dead.
The Hell Sentinel gestures at you. The iron shot hits you!!
The Hell Sentinel hits you!
The Hell Sentinel hits you but does no damage.
Casting: Chain Lightning (mildly dangerous; 4% risk of failure)
Confirm with . or Enter, or press ? or * to list all spells.
You erupt in a blast of force!
The mystic blast hits the Hell Sentinel!
You kill the Hell Sentinel!
Vehumet accepts your kill.
You feel your power returning.
There is a stone staircase leading up, spattered with blood here.
You climb upwards.
There is a stone staircase leading down, spattered with blood here.
Unknown command.
There is a stone staircase leading up here.
You climb upwards.
There is a stone staircase leading down here.
Magic restored.
There is an escape hatch in the ceiling here.
Really go through this one-way escape hatch?
A mysterious force pulls you upwards. The hatch slams shut behind you.
Your transformation is almost over.
You revert to your normal fleshy form.
Your +3 troll leather armour unmelds from your body.
HP restored.
You enter the shallow water.
There is a staircase leading out of the dungeon here.
You have escaped!

.....##### #...######## ### #..
.##.## #.######### ######.###..
.##.# ###...##########.[.##).##..
.##.###.........~~.##..#.....#...
.##.##..#....~.~~~.~....#######..
.##.##.###.~.~~~~.~~.~....### #..
.##...##...~~~~~.~~~~~...#..###..
.......#..~~~~~.(.~~~~~~..####...
###.#####..~~~..@..~~~~.##.###...
#.####.(~~~~~~~.~~~~~..##.##.##
##(##.~.)..~~~~[~~~.~~~..#).#.##
##..##~~~~~..~~.~~~~......##...##
....##..~~~..~..~~~..##....#.#.##
#######..~~...........#..#####.##
#####..~.###.###.#.#.%###### #.#
###.##).## #######...### #.#
####### ##########.#


There were no monsters in sight!

Vanquished Creatures
  4 dread liches
  Khufu (Crypt:1)
  7 orbs of fire (Zot:5)
  4 ancient liches
  Mara (Elf:3)
  A royal mummy (Crypt:1)
  Sojobo (Depths:1)
  Bai Suzhen (Spider:3)
  3 Killer Klowns (Zot:5)
  A caustic shrike (Depths:3)
  A curse toe (Zot:1)
  2 golden dragons (Depths:4)
  the Enchantress (Depths:1)
  Jory (Depths:4)
  2 bone dragons
  Arachne (Spider:2)
  A Tzitzimitl (D:4)
  A Brimstone Fiend (Zot:1)
  2 electric golems (Zot:5)
  Asterion (Depths:1)
  Rupert (D:14)
  A Hell Sentinel (D:4)
  7 liches
  11 tentacled monstrosities
  A deep elf blademaster (Elf:2)
  23 Orb Guardians (Zot:5)
  6 titans
  A deep elf master archer (Elf:3)
  A death cob (Zot:1)
  3 quicksilver dragons
  Gastronok (Lair:3)
  Frances (Spider:2)
  3 ancient champions (Crypt:2)
  6 sphinxes
  3 thorn hunters
  9 tengu reavers
  Agnes (Spider:2)
  5 shadow dragons
  2 tentacled starspawn (Abyss:3)
  A draconian monk (Depths:4)
  2 revenants
  6 storm dragons
  9 deep elf sorcerers
  6 fire giants
  8 frost giants
  4 emperor scorpions
  Donald (Vaults:3)
  2 draconian scorchers
  A balrug (Zot:5)
  A juggernaut zombie (Crypt:3)
  15 vault wardens
  Louise (Elf:3)
  Aizul (Swamp:2)
  5 ghost moths
  An orc warlord (Orc:2)
  A caustic shrike zombie (Crypt:3)
  7 deep elf elementalists (Elf:3)
  2 draconian stormcallers
  A curse skull (Crypt:3)
  A draconian shifter (Zot:5)
  15 ironbound preservers
  2 reapers
  21 very ugly things
  5 war gargoyles
  7 broodmothers (Spider:4)
  7 ironbound thunderhulks
  3 spriggan defenders (Depths:1)
  20 stone giants
  A broodmother (shapeshifter) (Vaults:4)
  A draconian annihilator (Zot:1)
  A juggernaut skeleton (Crypt:2)
  6 vampire knights
  7 eleionomae
  9 deep elf demonologists
  5 green draconians
  3 black draconians
  4 bunyips
  4 red draconians
  3 white draconians
  4 dire elephants (Vaults:3)
  7 deep elf annihilators
  A dire elephant (shapeshifter) (Vaults:4)
  6 purple draconians
  5 spark wasps
  A spark wasp (shapeshifter) (Vaults:5)
  4 yellow draconians
  9 deep elf death magi
  An acid blob zombie (Crypt:2)
  4 eidola
  12 ettins
  A shambling mangrove (Swamp:4)
  Josephine (Swamp:1)
  7 deep elf high priests
  11 yaktaur captains
  8 fire dragons
  10 entropy weavers
  8 jiangshi
  2 caustic shrike simulacra
  Fannar (D:11)
  Harold (Lair:1)
  9 great orbs of eyes
  22 hydras
  An ice dragon (shapeshifter) (Vaults:5)
  28 vault guards
  11 ice dragons
  A quicksilver dragon skeleton (Crypt:3)
  A ghost crab (Swamp:1)
  2 spriggan zombies
  4 jorogumos
  6 ironbound frosthearts
  3 spriggan air magi
  A catoblepas (D:13)
  2 peacekeepers (Vaults:3)
  5 ogre magi
  10 centaur warriors
  A death knight (Crypt:2)
  14 dancing weapons
  9 boulder beetles
  7 deep troll earth magi
  10 alligators
  13 demonic crawlers
  7 vampire magi
  11 two-headed ogres
  15 tengu warriors
  5 deep troll shamans
  A titan zombie (Crypt:1)
  2 orc high priests
  7 spriggan berserkers
  Nergalle (Lair:1)
  7 hell knights
  6 deep elf knights (Elf:2)
  An emperor scorpion zombie (Crypt:3)
  A fire crab (Lair:5)
  A wretched star (Abyss:3)
  A soul eater (Crypt:2)
  4 sun demons (Zot:5)
  2 skysharks
  2 goliath frogs
  8 iron trolls
  7 pharaoh ants
  29 skeletal warriors
  2 shadow wraiths
  A ghost moth zombie (Crypt:2)
  An orb spider (shapeshifter) (Vaults:5)
  A spark wasp zombie (Crypt:1)
  9 swamp dragons
  8 orb spiders
  44 deep trolls
  A spatial maelstrom (Abyss:3)
  5 spriggan druids
  6 wizards
  7 bog bodies
  4 flayed ghosts
  7 deep elf archers (Elf:2)
  11 steelbarb worms
  14 ironbound convokers
  12 lindwurms
  3 phantasmal warriors
  16 wolf spiders
  A shadow dragon zombie (Crypt:3)
  9 harpies
  3 orc knights
  26 deep elf zephyrmancers
  6 orc sorcerers
  18 deep elf pyromancers
  3 cyclopes
  2 will-o-the-wisps
  A tengu skeleton (Vaults:3)
  A mana viper (shapeshifter) (Vaults:4)
  3 necromancers
  3 manticores
  13 moths of wrath
  47 ugly things
  An iron dragon skeleton (Crypt:2)
  Maurice (D:11)
  3 apocalypse crabs (Abyss:3)
  9 elephants
  10 black mambas
  4 fire giant skeletons (Crypt:3)
  3 human skeletons (Vaults:3)
  A guardian serpent (shapeshifter) (D:13)
  24 vault sentinels
  3 smoke demons (Abyss:3)
  9 cane toads
  2 elf skeletons (Vaults:3)
  5 torpor snails
  A water nymph (shapeshifter) (Depths:3)
  3 orange demons
  An efreet (D:11)
  7 gargoyles
  A kobold demonologist (D:11)
  A rime drake (Lair:3)
  8 komodo dragons
  32 yaktaurs
  2 komodo dragons (shapeshifter)
  A minotaur zombie (Crypt:3)
  5 freezing wraiths
  3 anaconda simulacra (IceCv)
  2 ice devils
  3 unseen horrors
  A death yak skeleton (Crypt:2)
  A tormentor (Depths:2)
  A red devil (Depths:2)
  4 tengu conjurers
  A queen bee (shapeshifter) (Vaults:4)
  6 meliai
  2 ancient zymes (Abyss:3)
  A harpy zombie (Crypt:3)
  7 trolls
  3 polar bears
  A meliai (shapeshifter) (D:14)
  A tyrant leech (shapeshifter) (Vaults:5)
  A queen bee (Spider:1)
  2 bloated husks
  A catoblepas skeleton (Crypt:2)
  2 tyrant leeches
  Grinder (D:6)
  2 harpy skeletons (Crypt:3)
  A blink frog (shapeshifter) (Vaults:5)
  26 tarantellas
  22 hornets
  6 raiju (Abyss:3)
  7 dream sheep (Lair:5)
  29 slime creatures
  A hydra skeleton (Crypt:3)
  14 large abominations
  8 blink frogs (Lair:3)
  A dream sheep (shapeshifter) (Elf:1)
  5 air elementals
  A spriggan (shapeshifter) (Abyss:3)
  An alligator skeleton (Crypt:2)
  23 culicivoras
  31 spriggans
  A black mamba zombie (Crypt:1)
  15 wraiths
  29 jumping spiders
  A ynoxinul (Abyss:3)
  5 shadows
  A centaur simulacrum (D:11)
  3 ettin skeletons
  11 water elementals
  5 wyverns
  7 vampires
  12 fire dragon skeletons (Crypt:3)
  47 yaks
  5 fire elementals
  2 black mamba skeletons
  A human (shapeshifter) (Abyss:3)
  2 steam dragons
  A basilisk (Lair:3)
  16 vampire mosquitoes
  2 chaos spawn (Depths:3)
  57 redbacks
  2 wargs
  14 swamp worms
  2 harpy simulacra (IceCv)
  An acid dragon (D:11)
  2 two-headed ogre zombies (D:12)
  A naga zombie (Crypt:3)
  A naga (shapeshifter) (Depths:3)
  A hell hound (Depths:4)
  A glowing shapeshifter skeleton (Vaults:3)
  18 water moccasins
  A floating eye (Depths:1)
  A naga skeleton (Crypt:3)
  7 swamp drakes
  6 black bears
  A hydra simulacrum (IceCv)
  33 orc warriors
  An ice beast (Abyss:3)
  2 sky beasts
  9 ogres
  4 boggarts (Lair:5)
  9 centaurs
  44 wolves
  An elephant skeleton (Crypt:1)
  3 phantoms
  11 small abominations
  A kobold brigand (D:8)
  2 gnoll sergeants
  7 bullfrogs
  3 earth elementals
  3 scorpions
  3 wights (D:6)
  A cyclops skeleton (Crypt:1)
  14 killer bees
  A lindwurm simulacrum (IceCv)
  A troll zombie (D:12)
  13 electric eels
  7 howler monkeys
  4 hounds
  A jelly (D:6)
  29 orc priests
  5 sleepcaps
  A basilisk skeleton (Crypt:1)
  4 iguanas
  33 orc wizards
  5 ogre zombies (D:12)
  An ice beast zombie (Crypt:1)
  A hound zombie (Crypt:1)
  2 mummies (Crypt:1)
  11 gnolls
  5 adders
  5 white imps
  2 ufetubi
  An adder skeleton (Crypt:1)
  A worm (D:3)
  12 dart slugs
  133 orcs
  12 bats
  8 endoplasms
  2 giant cockroaches
  11 hobgoblins
  10 jackals
  20 kobolds
  3 quokkas
  9 ball pythons
  4 frilled lizards
  A frilled lizard zombie (Crypt:1)
  13 goblins
  4 goblin skeletons (D:12)
  2 goblin zombies (D:12)
  A hobgoblin skeleton (D:12)
  3 hobgoblin zombies (D:12)
  3 orc skeletons (D:12)
  12 orc zombies (D:12)
  A quokka skeleton (Crypt:1)
  5 rats
  2 lurking horrors (Abyss:3)
2189 creatures vanquished.

Vanquished Creatures (others)
  A deep elf zephyrmancer (Elf:3)
  A bloated husk (Swamp:1)
  A small abomination (Abyss:3)
  14 foxfires
  62 fulminant prisms
  2 starspawn tentacles (Abyss:3)
81 creatures vanquished.

Grand Total: 2270 creatures vanquished

Notes
Turn   | Place    | Note
-------+----------+-------------------------------------------
     0 | D:1      | Olga the Ogre Conjurer began the quest for the Orb.
     0 | D:1      | Reached XP level 1. HP: 16/16 MP: 3/3
   390 | D:1      | Reached XP level 2. HP: 26/26 MP: 1/5
   500 | D:1      | Reached skill level 1 in Fighting
   724 | D:1      | Learned a level 2 spell: Searing Ray
   860 | D:1      | Reached XP level 3. HP: 33/33 MP: 1/7
  1471 | D:2      | Reached skill level 1 in Hexes
  1471 | D:2      | Reached skill level 1 in Translocations
  1605 | D:2      | Found a hazy altar of Hepliaklqana.
  1701 | D:2      | Reached XP level 4. HP: 42/42 MP: 5/8
  1807 | D:2      | Reached skill level 2 in Fighting
  1894 | D:2      | Found Cako's Jewellery Shop.
  3319 | D:3      | Reached XP level 5. HP: 47/50 MP: 0/10
  3470 | D:3      | Learned a level 4 spell: Iskenderun's Mystic Blast
  4784 | D:4      | Reached skill level 3 in Fighting
  4784 | D:4      | Reached XP level 6. HP: 59/61 MP: 2/11
  4789 | D:4      | Learned a level 4 spell: Fulminant Prism
  5612 | D:4      | Found a shadowy altar of Dithmenos.
  5612 | D:4      | Found an opulent altar of Gozag.
  5822 | D:4      | Reached XP level 7. HP: 68/68 MP: 9/13
  5828 | D:4      | Reached skill level 4 in Fighting
  6408 | D:5      | Entered Level 5 of the Dungeon
  7014 | D:5      | Reached skill level 5 in Conjurations
  7307 | D:5      | Found a stormy altar of Qazlal.
  7313 | D:5      | Found a bloodstained altar of Trog.
  7315 | D:5      | Found a hide-covered altar of Uskayaw.
  7318 | D:5      | Found a broken altar of Ashenzari.
  7531 | D:5      | Reached XP level 8. HP: 79/79 MP: 1/15
  7684 | D:5      | Reached skill level 5 in Fighting
  7851 | D:5      | Reached skill level 5 in Spellcasting
  8274 | D:6      | Found Huihaokhue's Book Boutique.
  8434 | D:2      | Bought an amulet of magic regeneration for 300 gold pieces
  8736 | D:6      | Reached skill level 6 in Fighting
  8933 | D:6      | Reached XP level 9. HP: 77/91 MP: 1/17
  9170 | D:6      | Noticed Grinder
  9191 | D:6      | Killed Grinder
  9534 | D:7      | Reached skill level 7 in Fighting
  9762 | D:7      | Reached skill level 5 in Hexes
  9762 | D:7      | Reached skill level 5 in Translocations
  9951 | D:7      | Found a staircase to the Ecumenical Temple.
  9967 | Temple   | Entered the Ecumenical Temple
 10142 | Temple   | Became a worshipper of Vehumet
 10513 | D:7      | Reached XP level 10. HP: 104/104 MP: 17/20
 10601 | D:8      | Reached skill level 8 in Fighting
 10757 | D:8      | Reached * piety under Vehumet
 10757 | D:8      | Offered knowledge of Sandblast by Vehumet.
 10933 | D:8      | Identified the +3 scale mail of Whack-A-Mole {Rampage
                  | Regen+ Dex+3}
 11000 | D:8      | Identified the +7 spear of Fatigue {drain, rElec rF+ rC+}
 11109 | D:8      | Found a staircase to the Lair.
 12332 | D:10     | Entered Level 10 of the Dungeon
 12400 | D:10     | Found Luegh's Book Boutique.
 13056 | D:11     | Noticed Maurice
 13064 | D:11     | Killed Maurice
 13065 | D:11     | Reached skill level 9 in Fighting
 13149 | D:11     | Noticed a kobold demonologist
 13155 | D:11     | Killed a kobold demonologist
 13171 | D:11     | Noticed a gargoyle
 13309 | D:11     | Noticed a boulder beetle
 13511 | D:11     | Noticed an orc knight
 13823 | Lair:1   | Entered Level 1 of the Lair of Beasts
 13884 | Lair:1   | Reached XP level 11. HP: 113/115 MP: 15/23
 13965 | Lair:1   | Reached ** piety under Vehumet
 13965 | Lair:1   | Offered knowledge of Static Discharge by Vehumet.
 14209 | Lair:1   | Reached skill level 10 in Fighting
 14318 | Lair:1   | Found a large runed translucent door.
 14318 | Lair:1   | Found a large runed translucent door.
 14321 | Lair:1   | Noticed Morbidden's ghost (journeyman MeFi)
 14391 | Lair:1   | Noticed Harold
 14772 | Lair:1   | Killed Harold
 14999 | Lair:1   | Noticed Nergalle
 15005 | Lair:1   | Noticed a spectral orc warlord
 15110 | Lair:1   | Killed Nergalle
 15546 | Lair:2   | Noticed a six-headed hydra
 15557 | Lair:2   | Killed a six-headed hydra
 15672 | Lair:2   | Found a staircase to the Swamp.
 15681 | Lair:2   | Noticed a skyshark
 15699 | Lair:2   | Killed a skyshark
 16055 | Lair:2   | Reached skill level 11 in Fighting
 16085 | Lair:2   | Reached XP level 12. HP: 119/130 MP: 10/25
 16723 | Lair:2   | Offered knowledge of Volatile Blastmotes by Vehumet.
 17304 | D:10     | Bought a Young Poisoner's Handbook for 260 gold pieces
 17307 | D:10     | Learned a level 2 spell: Poisonous Vapours
 17312 | D:10     | Learned a level 4 spell: Olgreb's Toxic Radiance
 17449 | Lair:3   | Noticed an eight-headed hydra
 17457 | Lair:3   | Killed an eight-headed hydra
 17458 | Lair:3   | Reached skill level 10 in Spellcasting
 17622 | Lair:3   | Reached skill level 1 in Poison Magic
 17627 | Lair:3   | Reached skill level 1 in Transmutations
 17628 | Lair:3   | Reached skill level 1 in Fire Magic
 17628 | Lair:3   | Reached skill level 1 in Air Magic
 17670 | Lair:3   | Noticed a skyshark
 17679 | Lair:3   | Killed a skyshark
 17986 | Lair:3   | Found a hole to the Spider Nest.
 17987 | Lair:3   | Identified the +8 war axe "Lodola" {elec, rPois Dex+2 SInv}
 18029 | Lair:3   | Reached *** piety under Vehumet
 18293 | Lair:3   | Reached skill level 12 in Fighting
 18507 | Lair:3   | Noticed a boulder beetle
 18536 | Lair:3   | Killed a boulder beetle
 18816 | Lair:3   | Noticed Gastronok
 18857 | Lair:3   | Killed Gastronok
 18857 | Lair:3   | Offered knowledge of Ignite Poison by Vehumet.
 18858 | Lair:3   | Reached XP level 13. HP: 86/140 MP: 7/27
 19163 | Lair:4   | Noticed an azure jelly
 19163 | Lair:4   | Noticed an azure jelly
 19163 | Lair:4   | Found a runed translucent door.
 19163 | Lair:4   | Found a staircase to the Slime Pits.
 19339 | Lair:4   | Identified a scroll of acquirement
 19339 | Lair:4   | Acquired the ring of the Evil One {Wiz rPois rN+ Int+2}
 20045 | Lair:5   | Entered Level 5 of the Lair of Beasts
 20087 | Lair:5   | Reached skill level 5 in Poison Magic
 20341 | Lair:5   | Reached **** piety under Vehumet
 20414 | Lair:5   | Learned a level 3 spell: Ignite Poison
 20456 | Lair:5   | Offered knowledge of Arcjolt by Vehumet.
 20521 | Lair:5   | Found a runed translucent gate.
 20521 | Lair:5   | Found a runed translucent gate.
 20522 | Lair:5   | Found a runed translucent gate.
 20524 | Lair:5   | Noticed Tinttamiau's ghost (journeyman KoHs)
 20752 | Lair:5   | Reached skill level 13 in Fighting
 21106 | Lair:5   | Reached ***** piety under Vehumet
 21110 | Lair:5   | Offered knowledge of Plasma Beam by Vehumet.
 21145 | Lair:5   | Reached XP level 14. HP: 153/153 MP: 29/29
 21469 | Lair:5   | Reached skill level 5 in Air Magic
 21594 | Lair:5   | Reached skill level 5 in Transmutations
 21677 | Lair:5   | Reached skill level 5 in Fire Magic
 21936 | Lair:5   | Learned a level 6 spell: Plasma Beam
 22214 | D:11     | Noticed Fannar
 22219 | D:11     | Killed Fannar
 22308 | D:11     | Identified the +1 scale mail of Yesterday {Str+3 Int+3}
 22506 | D:11     | Got A Thorough Guide to Gnosis
 22534 | D:11     | Found Ore Seju's Armour Emporium.
 22620 | D:11     | Identified the ring of Laufuh {+Blink rElec rN+ EV+5 Int-2}
 22934 | D:12     | Reached skill level 14 in Fighting
 23304 | D:12     | Found a staircase to the Orcish Mines.
 23897 | Orc:1    | Entered Level 1 of the Orcish Mines
 24080 | Orc:1    | Found a runed translucent gate.
 24080 | Orc:1    | Found a runed translucent gate.
 24080 | Orc:1    | Found a runed translucent gate.
 24093 | Orc:1    | Noticed Jedgh's ghost (journeyman TeHu)
 24093 | Orc:1    | Noticed Yfeff's ghost (journeyman GrFE)
 24093 | Orc:1    | Noticed Fifoluuw's ghost (journeyman TrTm)
 24195 | Orc:1    | Found a burning altar of Makhleb.
 24390 | Orc:2    | Entered Level 2 of the Orcish Mines
 24615 | Orc:2    | Offered knowledge of Eringya's Noxious Bog by Vehumet.
 24622 | Orc:2    | Noticed an orc warlord
 24628 | Orc:2    | Killed an orc warlord
 24705 | Orc:2    | Found Efav's Antique Weapon Shoppe.
 24707 | Orc:2    | Found Ismafriw's Antique Armour Emporium.
 24855 | Orc:2    | Found a staircase to the Elven Halls.
 25456 | Orc:2    | Reached XP level 15. HP: 164/165 MP: 31/31
 25474 | Orc:2    | Found Ironasoeth's General Store.
 25479 | Orc:2    | Bought a scroll of revelation for 112 gold pieces
 25479 | Orc:2    | Bought 2 potions of haste for 300 gold pieces
 25479 | Orc:2    | Bought a sack of spiders for 600 gold pieces
 25670 | Orc:2    | Reached skill level 1 in Evocations
 25691 | Orc:2    | Found Teolent's Armour Emporium.
 25797 | Orc:1    | Reached skill level 15 in Fighting
 26139 | D:13     | Reached ****** piety under Vehumet
 26427 | D:13     | Offered knowledge of Freezing Cloud by Vehumet.
 26498 | D:13     | Found a gate to the Vaults.
 26650 | D:13     | Learned a level 5 spell: Freezing Cloud
 26725 | D:14     | Found a transporter.
 26727 | D:14     | Found a transporter.
 26727 | D:14     | Noticed Kous's ghost (journeyman DsMo)
 26762 | D:14     | Found a frozen archway.
 26780 | IceCv    | Entered an ice cave
 26795 | IceCv    | Found a transporter.
 26804 | IceCv    | Acquired 1133 gold pieces
 26806 | IceCv    | Found a transporter.
 26835 | D:14     | Found a gate leading to a gauntlet.
 26847 | Gauntlet | Entered a Gauntlet
 26847 | Gauntlet | Found a transporter.
 26847 | Gauntlet | Found a transporter.
 26847 | Gauntlet | Found a transporter.
 26862 | Gauntlet | Found a transporter.
 26874 | Gauntlet | Found a transporter.
 26938 | Gauntlet | Found a transporter.
 26948 | Gauntlet | Found a transporter.
 26963 | Gauntlet | Found a transporter.
 26973 | Gauntlet | Found a transporter.
 26988 | Gauntlet | Found a transporter.
 26994 | Gauntlet | Found a transporter.
 27015 | Gauntlet | Found a transporter.
 27109 | D:14     | Noticed Rupert
 27117 | D:14     | Killed Rupert
 27118 | D:14     | Reached skill level 10 in Conjurations
 27307 | D:14     | Found a radiant altar of Vehumet.
 27685 | D:15     | Entered Level 15 of the Dungeon
 27726 | D:15     | Found Xugele's Weapon Shop.
 27760 | D:15     | Found a staircase to the Depths.
 27760 | D:15     | Noticed a fire giant
 27802 | D:15     | Killed a fire giant
 28016 | D:15     | Reached XP level 16. HP: 112/179 MP: 33/33
 28349 | D:15     | Found a shadowy altar of Dithmenos.
 28757 | Swamp:1  | Entered Level 1 of the Swamp
 28764 | Swamp:1  | Reached skill level 16 in Fighting
 29065 | Swamp:1  | Noticed Josephine
 29070 | Swamp:1  | Offered knowledge of Conjure Ball Lightning by Vehumet.
 29079 | Swamp:1  | Killed Josephine
 29813 | Swamp:2  | Reached skill level 10 in Air Magic
 30052 | Swamp:2  | Noticed a thorn hunter
 30055 | Swamp:2  | Noticed Aizul
 30057 | Swamp:2  | Killed a thorn hunter
 30067 | Swamp:2  | Killed Aizul
 30492 | Swamp:2  | Learned a level 9 spell: Chain Lightning
 31023 | Swamp:3  | Noticed a tentacled monstrosity
 31031 | Swamp:3  | Killed a tentacled monstrosity
 31131 | Swamp:3  | Offered knowledge of Orb of Destruction by Vehumet.
 31454 | Swamp:3  | Learned a level 7 spell: Orb of Destruction
 31478 | Swamp:4  | Entered Level 4 of the Swamp
 31592 | Swamp:4  | Noticed a thorn hunter
 31595 | Swamp:4  | Killed a thorn hunter
 31596 | Swamp:4  | Reached XP level 17. HP: 189/189 MP: 25/35
 31966 | Swamp:4  | Reached skill level 17 in Fighting
 32703 | Swamp:4  | Got a decaying rune of Zot
 32902 | Spider:1 | Entered Level 1 of the Spider Nest
 33451 | Spider:1 | Reached skill level 15 in Spellcasting
 34223 | Spider:2 | Noticed Frances
 34743 | Spider:2 | Killed Frances
 34834 | Spider:2 | Reached XP level 18. HP: 181/202 MP: 37/37
 34834 | Spider:2 | Offered knowledge of Irradiate by Vehumet.
 34910 | Spider:2 | Identified the +8 war axe of the Peculiar Dreams {venom,
                  | SInv}
 34979 | Spider:2 | Noticed Arachne
 34987 | Spider:2 | Killed Arachne
 35095 | Spider:2 | Noticed Agnes
 35099 | Spider:2 | Killed Agnes
 35481 | Spider:3 | Reached skill level 18 in Fighting
 35646 | Spider:3 | Noticed Bai Suzhen
 35665 | Spider:3 | Killed Bai Suzhen
 36540 | Spider:4 | Entered Level 4 of the Spider Nest
 36726 | Spider:4 | Offered knowledge of Starburst by Vehumet.
 37425 | Spider:4 | Identified the +5 mace of Fortitude {venom, Contam Dex+4}
 38028 | Spider:4 | Got a gossamer rune of Zot
 38373 | Vaults:1 | Entered Level 1 of the Vaults
 38436 | Vaults:1 | Reached XP level 19. HP: 195/214 MP: 14/38
 38682 | Vaults:1 | Offered knowledge of Lehudib's Crystal Spear by Vehumet.
 38682 | Vaults:1 | Offered knowledge of Ignition by Vehumet.
 38682 | Vaults:1 | Offered knowledge of Maxwell's Capacitive Coupling by
                  | Vehumet.
 38685 | Vaults:1 | Reached skill level 5 in Evocations
 39273 | Vaults:1 | Reached skill level 15 in Conjurations
 39379 | Vaults:1 | Found Woxtam's Assorted Antiques.
 39510 | Vaults:1 | Found a runed translucent door.
 39812 | Vaults:1 | Noticed Essalna's ghost (adept TeAE)
 40098 | Vaults:2 | Reached skill level 19 in Fighting
 40213 | Vaults:2 | Found a magical portal.
 40222 | WizLab   | Entered Wucad Mu's Monastery
 41919 | Vaults:3 | Identified the +0 robe of Otti {Str+3}
 41949 | Vaults:3 | Reached XP level 20. HP: 198/226 MP: 39/40
 42521 | Vaults:3 | Found a huge runed gate.
 42521 | Vaults:3 | Found a huge runed gate.
 42522 | Vaults:3 | Found a huge runed gate.
 42522 | Vaults:3 | Found a huge runed gate.
 42522 | Vaults:3 | Found a huge runed gate.
 42523 | Vaults:3 | Found a huge runed gate.
 42528 | Vaults:3 | Found a huge runed gate.
 42528 | Vaults:3 | Found a huge runed gate.
 42528 | Vaults:3 | Found a huge runed gate.
 42528 | Vaults:3 | Found a huge runed gate.
 42528 | Vaults:3 | Found a huge runed gate.
 42529 | Vaults:3 | Found a huge runed gate.
 42530 | Vaults:3 | Found a huge runed gate.
 42530 | Vaults:3 | Found a huge runed gate.
 42531 | Vaults:3 | Found a huge runed gate.
 42532 | Vaults:3 | Found a huge runed gate.
 42533 | Vaults:3 | Found a huge runed gate.
 42674 | Vaults:3 | Found a huge runed gate.
 42675 | Vaults:3 | Found a huge runed gate.
 42676 | Vaults:3 | Found a huge runed gate.
 42677 | Vaults:3 | Found a huge runed gate.
 42678 | Vaults:3 | Found a huge runed gate.
 42679 | Vaults:3 | Found a huge runed gate.
 42732 | Vaults:3 | Found a huge runed gate.
 42733 | Vaults:3 | Found a huge runed gate.
 42734 | Vaults:3 | Found a huge runed gate.
 42742 | Vaults:3 | Found a huge runed gate.
 42742 | Vaults:3 | Found a huge runed gate.
 42742 | Vaults:3 | Found a huge runed gate.
 42742 | Vaults:3 | Found a huge runed gate.
 42742 | Vaults:3 | Found a huge runed gate.
 42742 | Vaults:3 | Found a huge runed gate.
 42743 | Vaults:3 | Found a huge runed gate.
 42749 | Vaults:3 | Reached skill level 15 in Air Magic
 43113 | Vaults:3 | Noticed Donald
 43120 | Vaults:3 | Killed Donald
 43276 | Vaults:3 | Found a huge runed gate.
 43277 | Vaults:3 | Found a huge runed gate.
 43285 | Vaults:3 | Found a huge runed gate.
 43440 | Vaults:3 | Found a staircase to the Crypt.
 43660 | Vaults:4 | Found Izus's Weapon Boutique.
 43935 | Vaults:4 | Reached skill level 20 in Fighting
 44043 | Vaults:4 | Found a gateway to a bazaar.
 44156 | Vaults:4 | Found a runed translucent door.
 44772 | Vaults:4 | Noticed Peona's ghost (veteran MiGl)
 45067 | Elf:1    | Entered Level 1 of the Elven Halls
 45336 | Elf:1    | Reached XP level 21. HP: 218/237 MP: 7/42
 45874 | Elf:1    | Got Qyraps's Cyclopedia of Battle Magic
 46533 | Elf:2    | Found a runed translucent gate.
 46534 | Elf:2    | Found a runed translucent gate.
 46534 | Elf:2    | Found a runed translucent gate.
 47161 | Elf:3    | Entered Level 3 of the Elven Halls
 47193 | Elf:1    | Found an ancient bone altar of Kikubaaqudgha.
 47366 | Elf:3    | Identified the +0 tower shield "Yshrarex" {Regen+ Str+6}
 47366 | Elf:3    | Noticed Louise
 47370 | Elf:3    | Killed Louise
 47415 | Elf:3    | Found Geokk's Assorted Antiques.
 48009 | Elf:2    | Paralysed by an air elemental for 1 turns
 48279 | Elf:3    | Noticed Mara
 48282 | Elf:3    | Killed Mara
 48313 | Elf:3    | Identified the +3 great sword "Moxt" {freeze, rCorr}
 48581 | Elf:3    | Identified the staff of the Shallot {rElec rN+ Dex+3 Stlth+
                  | Necro}
 48582 | Elf:3    | Identified the +2 orcbow of Eternal Harmony {speed, Int+5
                  | Stlth+}
 48601 | Elf:3    | Identified the +2 dagger "Illilejui" {freeze, rF+}
 48612 | Elf:3    | Identified the +4 hand axe of Equivalence {protect, Str+2}
 48629 | Elf:3    | Got Sif Muna's Compilation of Rallying
 48647 | Elf:3    | Got the Volume of Hiemal Infection
 48683 | Elf:3    | Learned a level 6 spell: Statue Form
 48975 | Bazaar   | Entered a bazaar
 48975 | Bazaar   | Found Peint's Magic Scroll Shoppe.
 48975 | Bazaar   | Found Pilaurph's Antique Armour Emporium.
 48977 | Bazaar   | Found Jiptaoc's Distillery.
 48983 | Bazaar   | Bought a scroll of teleportation for 39 gold pieces
 48983 | Bazaar   | Bought 3 scrolls of teleportation for 117 gold pieces
 48983 | Bazaar   | Bought a scroll of butterflies for 52 gold pieces
 48983 | Bazaar   | Bought a scroll of butterflies for 52 gold pieces
 48987 | Bazaar   | Bought a potion of magic for 152 gold pieces
 48987 | Bazaar   | Bought a potion of magic for 152 gold pieces
 48993 | Bazaar   | Found Hebasy's Magic Scroll Emporium.
 49001 | Bazaar   | Bought 2 scrolls of revelation for 135 gold pieces
 49001 | Bazaar   | Bought a scroll of blinking for 67 gold pieces
 49012 | Bazaar   | Bought a scroll of fog for 52 gold pieces
 49091 | Crypt:1  | Entered Level 1 of the Crypt
 49231 | Crypt:1  | Reached skill level 1 in Earth Magic
 49745 | Crypt:1  | Reached XP level 22. HP: 249/249 MP: 39/44
 49795 | Crypt:1  | Noticed Khufu
 49799 | Crypt:1  | Noticed a royal mummy
 49804 | Crypt:1  | Killed Khufu
 49813 | Crypt:1  | Killed a royal mummy
 51723 | Crypt:3  | Entered Level 3 of the Crypt
 52137 | Crypt:3  | Reached skill level 5 in Earth Magic
 52899 | Crypt:3  | Noticed an ancient lich
 52903 | Crypt:3  | Killed an ancient lich
 52969 | Crypt:3  | Found a staircase to the Tomb.
 52991 | Crypt:3  | Noticed an ancient lich
 52993 | Crypt:3  | Killed an ancient lich
 53341 | Crypt:3  | Identified the ring "Desmeulih" {rElec rN+ Stlth+}
 53341 | Crypt:3  | Identified the ring of the Skies Above {rC+ rN+ Str+3}
 53341 | Crypt:3  | Identified the ring of Linearity {rN+ Dex+4}
 53739 | Crypt:3  | Got Kikubaaqudgha's Commentary on Nightshade
 54268 | Depths:1 | Entered Level 1 of the Depths
 54269 | Depths:1 | Upgraded the game from 0.31-a0-232-gb1c03b2570 to
                  | 0.31-a0-233-g139696dc86
 54272 | Depths:1 | Noticed Sojobo
 54275 | Depths:1 | Noticed the Enchantress
 54276 | Depths:1 | Reached skill level 21 in Fighting
 54365 | Abyss:3  | Cast into level 3 of the Abyss (the Enchantress)
 54605 | Abyss:3  | Reached XP level 23. HP: 181/260 MP: 33/45
 54631 | Depths:1 | Escaped the Abyss
 54633 | Depths:1 | Noticed Asterion
 54805 | Depths:1 | Killed Sojobo
 54812 | Depths:1 | Killed the Enchantress
 54820 | Depths:1 | Found a gateway to Hell.
 55030 | Depths:1 | Killed Asterion
 55077 | Depths:1 | Learned a level 8 spell: Ignition
 55484 | Depths:1 | You fall into a shaft and drop 1 floor!
 55537 | Depths:1 | Found an opulent altar of Gozag.
 55586 | Depths:1 | Found a shimmering blue altar of Sif Muna.
 55988 | Orc:2    | Bought a scroll of enchant armour for 112 gold pieces
 55989 | Orc:2    | Acquired the +8 tower shield "Afrixti" {rF+ rN+ Stlth+}
 56347 | Depths:2 | Found Jiuzom's Weapon Shoppe.
 56359 | Depths:2 | Reached skill level 1 in Shields
 56551 | Depths:2 | Reached skill level 5 in Shields
 56563 | Depths:2 | Learned a level 8 spell: Lehudib's Crystal Spear
 56634 | Depths:2 | Found a one-way gate leading to the halls of Pandemonium.
 57774 | Depths:3 | Found a one-way gateway to a ziggurat.
 57956 | Depths:3 | Noticed a caustic shrike
 57959 | Depths:3 | Killed a caustic shrike
 58068 | Depths:3 | Found a one-way gate to the infinite horrors of the Abyss.
 58071 | Depths:3 | Reached skill level 10 in Shields
 58176 | Depths:3 | Found Jehit's Jewellery Shop.
 58177 | Depths:3 | Found Govoth's Book Shoppe.
 58177 | Depths:3 | Found Taegel's Book Shoppe.
 58451 | Depths:3 | Reached XP level 24. HP: 270/270 MP: 45/45
 58456 | Depths:3 | Identified the +3 ring mail "Fochusk" {Harm rN+++ Int-2
                  | Dex+3}
 58634 | Depths:3 | Identified the staff "Luod Kont" {Dex+3 Earth}
 59406 | Depths:4 | Entered Level 4 of the Depths
 60130 | Depths:4 | Found Sicu Hec's Armour Shop.
 60338 | Depths:4 | Found a gate to the Realm of Zot.
 60446 | Depths:4 | Noticed Jory
 60460 | Depths:4 | Killed Jory
 61607 | Vaults:5 | Entered Level 5 of the Vaults
 61696 | Vaults:5 | Reached skill level 15 in Shields
 61729 | Vaults:5 | Identified the ring of the Messenger {EV+5 Int+2 Dex+3}
 61789 | Vaults:5 | Identified the +9 sling of Shrieking Terror {heavy, rC+
                  | Str+6 Stlth+}
 62257 | Vaults:5 | Reached XP level 25. HP: 257/280 MP: 37/45
 62457 | Vaults:5 | Noticed a dread lich
 62482 | Vaults:5 | Found Repneog's Armour Boutique.
 63076 | Vaults:5 | Noticed an ancient lich
 63086 | Vaults:5 | Killed an ancient lich
 63243 | Vaults:5 | Reached skill level 22 in Fighting
 63319 | Vaults:5 | Killed a dread lich
 63412 | Vaults:5 | Got a silver rune of Zot
 63617 | Vaults:5 | Identified the staff of Neurosis {rElec rF+ Str+3 Int+2
                  | Air}
 64250 | Zot:1    | Entered Level 1 of the Realm of Zot
 64552 | Zot:5    | Entered Level 5 of the Realm of Zot
 64742 | Zot:5    | Reached skill level 10 in Fire Magic
 65039 | Zot:5    | Noticed a dread lich
 65062 | Zot:5    | Killed a dread lich
 65214 | Zot:5    | Noticed a Killer Klown
 65218 | Zot:5    | Killed a Killer Klown
 65315 | Zot:5    | Noticed an orb of fire
 65321 | Zot:5    | Gained mutation: You are clumsy. (Dex -2) [an orb of fire]
 65324 | Zot:5    | Gained mutation: Armour fits poorly on your strangely
                  | shaped body. [an orb of fire]
 65330 | Zot:5    | Killed an orb of fire
 65664 | Zot:5    | Noticed a Killer Klown
 65670 | Zot:5    | Killed a Killer Klown
 65779 | Zot:5    | Noticed an orb of fire
 65782 | Zot:5    | Gained mutation: Your magical capacity is low. (-10% MP)
                  | [an orb of fire]
 65786 | Zot:5    | Gained mutation: You are occasionally teleported next to
                  | monsters. [an orb of fire]
 65791 | Zot:5    | Killed an orb of fire
 65792 | Zot:5    | Reached XP level 26. HP: 65/293 MP: 4/41
 66079 | Zot:4    | Lost mutation: You are clumsy. (Dex -2) [potion of
                  | mutation]
 66079 | Zot:4    | Lost mutation: Your magical capacity is low. (-10% MP)
                  | [potion of mutation]
 66079 | Zot:4    | Lost mutation: Armour fits poorly on your strangely shaped
                  | body. [potion of mutation]
 66079 | Zot:4    | Gained mutation: Your magical capacity is low. (-10% MP)
                  | [potion of mutation]
 66079 | Zot:4    | Gained mutation: Your flesh is cold resistant. (rC+)
                  | [potion of mutation]
 66079 | Zot:4    | Gained mutation: Your system is resistant to poisons.
                  | (rPois) [potion of mutation]
 66080 | Zot:4    | Lost mutation: You are occasionally teleported next to
                  | monsters. [potion of mutation]
 66080 | Zot:4    | Lost mutation: Your magical capacity is low. (-10% MP)
                  | [potion of mutation]
 66080 | Zot:4    | Gained mutation: Your flesh is heat resistant. (rF+)
                  | [potion of mutation]
 66194 | Zot:5    | Noticed an orb of fire
 66195 | Zot:5    | Gained mutation: You occasionally lose the ability to read
                  | scrolls when taking damage. [an orb of fire]
 66197 | Zot:5    | Gained mutation: Your spells are a little easier to cast,
                  | but a little less powerful. [an orb of fire]
 66199 | Zot:5    | Killed an orb of fire
 66203 | Zot:5    | Lost mutation: Your flesh is heat resistant. (rF+) [potion
                  | of mutation]
 66203 | Zot:5    | Lost mutation: Your spells are a little easier to cast, but
                  | a little less powerful. [potion of mutation]
 66203 | Zot:5    | Gained mutation: You are vulnerable to heat. (rF-) [potion
                  | of mutation]
 66203 | Zot:5    | Gained mutation: You are weak. (Str -2) [potion of
                  | mutation]
 66205 | Zot:5    | Lost mutation: You are weak. (Str -2) [potion of mutation]
 66205 | Zot:5    | Lost mutation: You are vulnerable to heat. (rF-) [potion of
                  | mutation]
 66205 | Zot:5    | Gained mutation: You sometimes lose your temper in combat.
                  | [potion of mutation]
 66205 | Zot:5    | Gained mutation: You are weak. (Str -2) [potion of
                  | mutation]
 66206 | Zot:5    | Lost mutation: Your flesh is cold resistant. (rC+) [potion
                  | of mutation]
 66206 | Zot:5    | Lost mutation: You occasionally lose the ability to read
                  | scrolls when taking damage. [potion of mutation]
 66206 | Zot:5    | Gained mutation: You are partially covered in iridescent
                  | scales. (AC +2) [potion of mutation]
 66206 | Zot:5    | Gained mutation: You have large cloven feet. [potion of
                  | mutation]
 66266 | Zot:5    | Noticed an ancient lich
 66271 | Zot:5    | Noticed an orb of fire
 66273 | Zot:5    | Killed an ancient lich
 66274 | Zot:5    | Gained mutation: Your magical capacity is low. (-10% MP)
                  | [an orb of fire]
 66277 | Zot:5    | Killed an orb of fire
 66278 | Zot:5    | Noticed an orb of fire
 66313 | Zot:5    | Lost mutation: You sometimes lose your temper in combat.
                  | [potion of mutation]
 66313 | Zot:5    | Lost mutation: Your system is resistant to poisons. (rPois)
                  | [potion of mutation]
 66527 | Zot:5    | Noticed a Killer Klown
 66630 | Zot:5    | Killed a Killer Klown
 66811 | Zot:5    | Noticed a dread lich
 66815 | Zot:5    | Killed a dread lich
 66816 | Zot:5    | Reached skill level 23 in Fighting
 66821 | Zot:5    | Noticed an orb of fire
 66823 | Zot:5    | Gained mutation: You have hidden genetic defects. [an orb
                  | of fire]
 66826 | Zot:5    | Gained mutation: You are dopey. (Int -2) [an orb of fire]
 66826 | Zot:5    | Gained mutation: Potions are less effective at restoring
                  | your health. [an orb of fire]
 66828 | Zot:5    | Killed an orb of fire
 66846 | Zot:5    | Noticed a dread lich
 66849 | Zot:5    | Reached skill level 10 in Evocations
 66849 | Zot:5    | Killed a dread lich
 66851 | Zot:5    | Noticed an orb of fire
 66854 | Zot:5    | Gained mutation: You occasionally shout uncontrollably at
                  | your foes. [an orb of fire]
 66856 | Zot:5    | Killed an orb of fire
 66874 | Zot:5    | Got the Orb of Zot
 66911 | Zot:5    | Gained mutation: You have terrible hidden genetic defects.
                  | [hidden defects]
 66912 | Zot:5    | Gained mutation: You are very weak. (Str -4) [an orb of
                  | fire]
 66913 | Zot:5    | Gained mutation: You occasionally lose the ability to read
                  | scrolls when taking damage. [an orb of fire]
 66913 | Zot:5    | Gained mutation: Your spells are a little easier to cast,
                  | but a little less powerful. [an orb of fire]
 66918 | Zot:5    | Killed an orb of fire
 67024 | Zot:2    | Noticed Zusih the pandemonium lord
 67109 | Depths:3 | Noticed a seraph
 67180 | D:14     | Noticed a seraph
 67420 | D:$      | Escaped with the Orb!

Illustrated notes

Levels and vault maps discovered:
D:1:      dpeg_arrival_subterranean_lakeside_camping, layout_loops_ring
D:2:      layout_basic, serial_shops, nicolae_shop_tiny_statue_garden,
          basic_altar
D:3:      layout_basic
D:4:      layout_cave_pools, gammafunk_temple_overflow_wave, nzn_random_ring
D:5:      layout_cave_pods, minitemple, st_stairs_12
D:6:      kennysheep_slugbush, layout_loops_ring, serial_shops,
          nicolae_stop_n_shop_1, nicolae_twisty_statue_hallways, uniq_grinder
D:7:      layout_rooms, minmay_temple_entry_slanted, minmay_liquid_box
D:8:      layout_loops_ring, lair_entry_dummy
D:9:      layout_roguey, nicolae_water_bricks, minivault_14
D:10:     layout_basic, serial_shops, nicolae_shop_peninsula
D:11:     minmay_cut_squares, layout_basic, serial_shops, shop,
          minmay_misc_feat_more_columns, uniq_fannar, uniq_maurice
D:12:     layout_loops_corners, zombieorc2_lemuel
D:13:     wander_river, layout_rooms, david_vaults_1
D:14:     layout_grid_maze, portal_ice_cave_entry_ugly_swarm,
          lemuel_doored_altar, gammafunk_ghost_mausoleum,
          gauntlet_entry_generic, uniq_rupert
D:15:     grunt_enter_depths_giant_problem, layout_gridville, serial_shops,
          nicolae_shop_bloodbath_and_beyond, grunt_dithmenos_smoke
Temple:   eino_temple_scatter_basement
Lair:1:   layout_misc_corridors, ebering_ghost_disaster_area,
          serial_bayou_ford_a, uniq_harold, uniq_nergalle
Lair:2:   layout_roguey, minmay_swamp_entry_swarm, serial_bayou_crossing
Lair:3:   layout_concentric_octagons, spider_nest_entry_webs,
          infiniplex_staircase_pool_2, uniq_gastronok
Lair:4:   layout_roguey, slime_entry_2, lemuel_fruit_tree
Lair:5:   minmay_lair_end_enchanted_forest, layout_gridlike,
          gammafunk_ghost_hydra_chop
Swamp:1:  layout_falls_marsh, nicolae_swamp_small_spring, swamp_pool1,
          uniq_josephine
Swamp:2:  layout_basic_swamp, evilmike_swamp_ruin_house_1, uniq_aizul
Swamp:3:  layout_basic_swamp, serial_swamp_ruin, evilmike_swamp_ruin_house_3,
          hangedman_swamp_ruin_wall
Swamp:4:  swamp_basic_johnstein, layout_basic_swamp, swamp_pool4,
          infiniplex_staircase_pool
Spider:1: layout_spider_delve, drop_trap, nicolae_looking_at_the_future
Spider:2: layout_spider_delve, hangedman_spider_tarantella_strand, uniq_arachne,
          uniq_agnes, uniq_frances
Spider:3: layout_spider_delve, uniq_bai_suzhen
Spider:4: hellmonk_spider_rune_endless_swarm
Orc:1:    layout_caves, gammafunk_ghost_cemetery, bloody_makhleb
Orc:2:    grunt_orc_community_town_hall, layout_caves,
          grunt_orc_community_big_house_2, grunt_orc_community_big_house_2,
          grunt_orc_community_house_1, grunt_orc_community_house_2,
          grunt_orc_community_house_3, grunt_orc_community_house_3,
          grunt_orc_community_house_1, grunt_orc_community_house_1
Elf:1:    minmay_elf_arrival_summoners, layout_geoelf_diagonals,
          minmay_elf_annihilation, lemuel_upstairs_altar
Elf:2:    nicolae_elf_blades_crystal_corner, layout_loops_cross,
          dreamdust_princess_bridge
Elf:3:    minmay_elf_hall_x, layout_loops_cross, serial_shops,
          nicolae_shop_peninsula, uniq_louise, uniq_mara
Vaults:1: hellmonk_ghost_big_iron, hangedman_vaults_river_flow,
          nicolae_vaults_security_offices_5,
          nicolae_vaults_offset_grid_hallway_2, v_misc_18, v_misc_24,
          vaults_mumra_hex, ontoclasm_vaults_loading_screen,
          grunt_vaults_hallway_short, layout_vaults_chaotic_city, serial_shops,
          nicolae_shop_hallway_plus
Vaults:2: mu_enter_wizlab_6, ontoclasm_vaults_spin,
          nicolae_vaults_oval_intersection, v_misc_13,
          nicolae_vaults_mini_display_case, vaults_dpeg_diagonal,
          nicolae_vaults_tetromino_Z_2, nicolae_vaults_more_shelving_1,
          layout_vaults_quadrants
Vaults:3: minmay_crypt_entry_skeletal_spiral, nicolae_vaults_mitosis,
          door_vault, nicolae_vaults_asterisk, nicolae_vaults_sesquioval_fish,
          nicolae_vaults_hexular_roomagon, ontoclasm_vaults_chip,
          vaults_room_octagon, ontoclasm_vaults_chip, v_pattern_2,
          nicolae_vaults_steering_wheel, vaults_dpeg_encased_lava,
          nicolae_vaults_little_squares_5, layout_vaults_maze, uniq_donald
Vaults:4: ebering_ghost_reflecting_pool, nicolae_vaults_tangram_2,
          dpeg_vaults_monster_box, nicolae_vaults_trapezoid_lopsided_1,
          nicolae_vaults_loss_of_containment, v_misc_4,
          nicolae_vaults_storage_closets_3, ontoclasm_vaults_chip,
          ontoclasm_vaults_shuriken, v_rooms_2,
          nicolae_vaults_taking_the_gang_shopping, layout_vaults_omnibox,
          serial_shops, bzr_entry_islet
Vaults:5: serial_shops
Crypt:1:  layout_misc_corridors, grunt_crypt_arrival_split, uniq_khufu
Crypt:2:  layout_misc_corridors, grunt_megastairs_4
Crypt:3:  quadcrypt_mu
Depths:1: layout_cave_pools, nicolae_sif_muna_condensation, hell_entry,
          nicolae_gozag_cash_rules_everything_around_me, uniq_asterion,
          uniq_sojobo, uniq_enchantress
Depths:2: kennysheep_cluttered_fort, layout_basic, hell_entry,
          chequers_serial_rivers_room_b, rand_demon_pan_entry_7, serial_shops,
          nicolae_take_the_stairs, grunt_ministairs_1,
          infiniplex_staircase_zigzag_2, firewood_loft
Depths:3: minmay_chopped_fan, layout_gridlike, enter_ziggurat_e,
          minmay_misc_feat_x, hell_entry, minmay_room_of_horrors,
          infiniplex_staircase_star, minmay_shop_grove
Depths:4: grunt_x_marks_the_spot, layout_gridville, serial_shops, shop,
          nicolae_two_hexagons, pf_hell_entry_tar_spiral, hangedman_aviary,
          uniq_jory
Zot:1:    layout_concentric_octagons
Zot:2:    layout_onion, grunt_megastairs_1, uniq_vv, uniq_josephina
Zot:3:    layout_twisted_circle
Zot:4:    layout_basic, grunt_ministairs_11
Zot:5:    layout_cathedral_of_symmetry

Skill      XL: |  1  2  3  4  5  6  7  8  9 10 11 12 13 14 15 16 17 18 19 20 21 22 23 24 25 26 |
---------------+-------------------------------------------------------------------------------+-----
Fighting       | 1 2 3 4 6 7 9 11 12 13 14 15 16 17 18 19 20 21 22 23 | 23.5
Hexes          | 1 2 3 4 5 6 7 8 |  8.0
Translocations | 1 2 3 4 5 6 7 8 |  8.0
Spellcasting   | 3 4 5 7 8 9 10 11 12 13 14 15 16 17 18 19 20 | 20.3
Conjurations   | 4 5 6 7 8 10 12 13 14 15 16 17 18 | 18.7
Poison Magic   | 4 6 7 |  7.2
Transmutations | 2 4 5 8 |  8.3
Fire Magic     | 2 4 6 7 10 | 10.5
Air Magic      | 2 4 6 8 10 12 13 14 15 16 17 | 17.9
Evocations     | 1 3 4 6 7 8 9 10 | 10.4
Earth Magic    | 2 6 |  6.4
Shields        | 10 15 16 | 16.8
Dodging        | |  1.7
Stealth        | |  1.4

Action                     |  1- 3 |  4- 6 |  7- 9 | 10-12 | 13-15 | 16-18 | 19-21 | 22-24 | 25-27 || total
---------------------------+-------+-------+-------+-------+-------+-------+-------+-------+-------++-------
  Melee: Short sword       |     7 |       |       |       |       |       |       |       |       ||     7
         Staff             |       |     4 |     3 |     9 |     5 |       |       |       |       ||    21
         Spear             |       |       |       |     3 |       |     3 |     6 |   102 |    19 ||   133
         Kick              |       |       |       |       |       |       |       |       |     2 ||     2
  Throw: Throwing net      |       |       |       |     1 |       |       |       |       |     5 ||     6
         Dart              |       |       |       |       |       |       |       |       |     1 ||     1
   Cast: Magic Dart        |    47 |   104 |    95 |    32 |    10 |       |       |     1 |       ||   289
         Searing Ray       |     5 |    40 |    52 |   100 |    21 |       |       |       |       ||   218
         Iskenderun's Myst |       |     1 |    30 |   154 |   136 |   127 |   120 |    33 |    26 ||   627
         Fulminant Prism   |       |       |    16 |    36 |    10 |       |       |       |       ||    62
         Poisonous Vapours |       |       |       |     6 |    12 |     3 |     8 |     5 |       ||    34
         Ignite Poison     |       |       |       |       |   186 |   220 |   267 |    29 |    22 ||   724
         Olgreb's Toxic Ra |       |       |       |       |   203 |   259 |   293 |    26 |    25 ||   806
         Plasma Beam       |       |       |       |       |    37 |   135 |       |     1 |       ||   173
         Orb of Destructio |       |       |       |       |       |    79 |    76 |     9 |    50 ||   214
         Freezing Cloud    |       |       |       |       |       |     1 |       |       |       ||     1
         Chain Lightning   |       |       |       |       |       |       |    70 |   400 |   132 ||   602
         Statue Form       |       |       |       |       |       |       |     5 |   102 |    51 ||   158
         Lehudib's Crystal |       |       |       |       |       |       |       |    87 |    71 ||   158
  Evoke: Wand              |       |       |     7 |    20 |     2 |       |     2 |     2 |     9 ||    42
         Lightning rod     |       |       |       |       |       |     5 |       |     7 |     4 ||    16
         Phial of floods   |       |       |       |       |       |       |       |       |     2 ||     2
    Use: Scroll            |     4 |     5 |     7 |     7 |     7 |     3 |     4 |    20 |    28 ||    85
         Potion            |       |       |       |     1 |       |     5 |     4 |    11 |    24 ||    45
   Stab: Held in net/web   |       |       |       |       |       |       |       |       |     2 ||     2
 Armour: Robe              |     4 |     7 |     8 |     5 |       |       |       |       |       ||    24
         Steam dragon scal |       |       |       |    46 |    32 |       |       |       |       ||    78
         Troll leather arm |       |       |       |       |    20 |    95 |    73 |    15 |     9 ||   212
         Skin              |       |       |       |       |       |       |    16 |   478 |   193 ||   687
  Dodge: Dodged            |     5 |    19 |    14 |    67 |    52 |   120 |    79 |   219 |    86 ||   661
  Block: Tower shield      |       |       |       |       |       |       |       |    84 |       ||    84

Table legend: (Time is in decaauts)
 A = Elapsed time spent in this place.
 B = Non-inter-level travel time spent in this place.
 C = Inter-level travel time spent in this place.
 D = Time resting spent in this place.
 E = Time spent auto-exploring this place.
 F = Levels seen in this place.
 G = Mean time per level.
                   A        B        C        D        E       F      G
               +--------+--------+--------+--------+--------+-----+--------+
         Total |  74323 |  67379 |   6944 |  11145 |  43318 |  56 | 1327.2 |
       Dungeon |  20089 |  17362 |   2727 |   2100 |  12677 |  15 | 1339.3 |
        Temple |    193 |    163 |     30 |      0 |    147 |   1 |  193.0 |
          Lair |   8549 |   8050 |    499 |   1144 |   5684 |   5 | 1709.8 |
         Swamp |   4166 |   3873 |    293 |    865 |   2388 |   4 | 1041.5 |
   Spider Nest |   5354 |   5022 |    332 |   1335 |   2646 |   4 | 1338.5 |
  Orcish Mines |   2714 |   2160 |    554 |     41 |   1785 |   2 | 1357.0 |
   Elven Halls |   4191 |   3602 |    589 |    468 |   2477 |   3 | 1397.0 |
        Vaults |  10799 |   9884 |    915 |   1226 |   6270 |   5 | 2159.8 |
         Crypt |   6001 |   5800 |    201 |    995 |   3865 |   3 | 2000.3 |
        Depths |   7687 |   7019 |    668 |   1327 |   4346 |   4 | 1921.8 |
           Zot |   3642 |   3511 |    131 |   1527 |    690 |   5 |  728.4 |
         Abyss |    374 |    374 |      0 |     81 |     73 |   1 |  374.0 |
        Bazaar |     49 |     49 |      0 |      0 |     30 |   1 |   49.0 |
      Ice Cave |     54 |     54 |      0 |      0 |      0 |   1 |   54.0 |
        Wizlab |    176 |    176 |      0 |     35 |     47 |   1 |  176.0 |
      Gauntlet |    278 |    278 |      0 |      0 |    184 |   1 |  278.0 |
               +--------+--------+--------+--------+--------+-----+--------+

Top non-repeatable levels by time:
Vaults:5: 3160 daAuts
 Crypt:3: 2871 daAuts
   Zot:5: 2618 daAuts
Depths:4: 2539 daAuts
Vaults:3: 2253 daAuts
Vaults:2: 2060 daAuts
  Lair:1: 2060 daAuts
Vaults:1: 1904 daAuts
   Orc:2: 1877 daAuts
     D:4: 1865 daAuts
  Lair:5: 1863 daAuts
     D:3: 1850 daAuts
Depths:2: 1841 daAuts
  Lair:3: 1838 daAuts
Spider:1: 1825 daAuts
